Map: Terrassen von Prion

Players

VBPreina - Winner!

  • Race: Zerg Zerg
  • League: Diamond

haddenlos

  • Race: Protoss Protoss
  • League: Diamond

VOD

Have the link to the VOD?

Description

VBPreina wins

Time

  • Played on: Jan. 2, 2016, 8:50 a.m.
  • Length: 3:52
Show
View Real Time Build Order
Export as new Build Order

VBPreina Zerg - Winner!

Build Orders: Pool First 

Get SALT Encoding   

  12  0:07  Overlord  
  12  0:12  Drone  
  13  0:17  Drone  
  14  0:28  Drone  
  14  0:30  Drone  
  16  0:40  Drone  
  17  0:50  Spawning Pool  
  17  0:52  Extractor  
  15  1:10  Hatchery  
  14  1:13  Drone  
  15  1:26  Drone x2  
  15  1:27  Drone  
  18  1:37  Queen  
  20  1:50  Drone  
  20  1:51  Zergling x2  
  22  2:02  Overlord  
  22  2:11  Metabolic Boost  
  22  2:21  Zergling x4  
  24  2:36  Spine Crawler, Zergling x4  
  25  2:42  Zergling x2  
  25  2:43  Zergling x2  
  27  2:53  Spine Crawler  
  26  3:02  Zergling x2  
  26  3:03  Zergling x6  
  26  3:04  Zergling x2  
  26  3:10  Queen  
  27  3:16  Zergling x2  
  27  3:17  Zergling x2  
  28  3:24  Zergling x2  
  28  3:25  Zergling x4  
  30  3:33  Zergling x2  
  29  3:34  Zergling x2  
  29  3:39  Drone  
Show
View Real Time Build Order
Export as new Build Order

haddenlos Protoss 

Build Orders:  

Get SALT Encoding   

  12  0:01  Probe (Chrono Boost)  
  13  0:12  Probe (Chrono Boost)  
  14  0:25  Pylon  
  15  0:32  Pylon  
  15  0:34  Probe (Chrono Boost)  
  15  0:50  Gateway  
  15  0:57  Gateway  
  15  1:01  Probe (Chrono Boost)  
  16  1:07  Assimilator  
  16  1:16  Probe (Chrono Boost)  
  17  1:27  Probe (Chrono Boost)  
  18  1:37  Probe (Chrono Boost)  
  19  1:46  Zealot (Chrono Boost)  
  22  1:47  Zealot (Chrono Boost)  
  22  1:50  Cybernetics Core  
  22  1:53  Probe  
  23  2:05  Probe  
  24  2:12  Zealot (Chrono Boost)  
  24  2:15  Zealot (Chrono Boost)  
  28  2:20  Probe  
  29  2:27  Pylon  
  29  2:41  Adept  
  31  2:45  Adept  
  31  2:50  Probe  
  32  3:08  Adept  
  32  3:12  Adept  
  32  3:15  Probe  
  31  3:27  Probe  
  31  3:28  Nexus  
  32  3:40  Gateway  
  30  3:47  Assimilator  
Tags
 
Add a new tag
Caveats
  • Supply blocks, unpowered buildings, or Contaminate may cause inaccurate times.
  • Supply counts are checked every 10 seconds.